 Dungeon Crawl Stone Soup version 0.30-a0-371-gad7725a93e (webtiles) character file.

Game seed: 17199083111075351463

4750 Elric the Fighter (level 10, 0/100 HPs)
             Began as a Minotaur Fighter on Nov 20, 2022.
             Was an Initiate of Ru.
             Slain by a seven-headed hydra (2 damage)
             ... on level 8 of the Dungeon.
             The game lasted 00:10:55 (7959 turns).

Elric the Fighter (Minotaur Fighter)                Turns: 7959, Time: 00:10:55

Health: 0/100      AC: 16    Str: 23    XL:     10   Next: 23%
Magic:  9/9        EV:  7    Int:  9    God:    Ru [......]
Gold:   599        SH:  5    Dex: 14    Spells: 9/9 levels left

rFire   . . .      SeeInvis .    a - +2 war axe (protect)
rCold   . . .      Faith    .    c - +0 buckler
rNeg    . . .      Spirit   .    C - +0 plate armour
rPois   .          Reflect  .    (helmet restricted)
rElec   .          Harm     .    F - scarf {+Inv}
rCorr   .          Rampage  .    h - +2 pair of gloves
Will    .....                    D - +0 pair of boots
Stlth   ..........               (no amulet)
HPRegen 0.36/turn                s - +6 ring of dexterity
MPRegen 0.11/turn                (no ring)

@: invisible
A: horns 2, retaliatory headbutt, clever 1, clumsy 1
a: Renounce Religion, Evoke Invisibility


You were on level 8 of the Dungeon.
You worshipped Ru.
Ru was noncommittal.
You visited 2 branches of the dungeon, and saw 9 of its levels.
You also visited: Sewer.

You collected 599 gold pieces.

Inventory:

Hand Weapons
 a - a +2 war axe of protection (weapon)
Missiles
 B - 2 throwing nets (quivered)
Armour
 c - a +0 buckler (worn)
 h - a +2 pair of gloves (worn)
 t - a +2 scale mail of poison resistance
 C - a +0 plate armour (worn)
 D - a +0 pair of boots (worn)
 F - a scarf of invisibility (worn)
Jewellery
 s - a +6 ring of dexterity (left hand)
 J - a ring of magical power
 L - an amulet of regeneration
Wands
 p - a wand of iceblast (2)
 q - a wand of flame (15)
 x - a wand of acid (8)
 y - a wand of digging (3)
Scrolls
 e - 4 scrolls of blinking
 f - 3 scrolls of butterflies
 g - 5 scrolls of identify
 i - 3 scrolls of amnesia
 j - 3 scrolls of teleportation
 o - a scroll of vulnerability
Potions
 b - a potion of experience {unknown}
 d - 2 potions of flight {unknown}
 k - a potion of mutation
 l - 4 potions of lignification
 m - a potion of cancellation {unknown}
 n - 3 potions of haste
 r - 4 potions of heal wounds
 u - a potion of invisibility
 w - 2 potions of brilliance {unknown}
 z - a potion of magic {unknown}
 A - 4 potions of curing {unknown}
 E - a potion of might
 G - a potion of ambrosia {unknown}
 I - a potion of berserk rage {unknown}


   Skills:
 + Level 12.6 Fighting
 + Level 12.3 Axes
 + Level 4.8 Armour
 + Level 2.2 Dodging
 + Level 4.8 Shields


You had 9 spell levels left.
You didn't know any spells.
Your spell library contained the following spells:

 Spells                   Type           Power      Damage    Failure   Level
 Shock                    Conj/Air       0%         1d3       100%        1
 Sting                    Tmut/Pois      0%         1d3       100%        1
 Blink                    Tloc           0%         N/A       100%        2
 Poisonous Vapours        Pois/Air       0%         N/A       100%        2
 Gell's Gravitas          Tloc           0%         N/A       100%        3
 Inner Flame              Hex/Fire       0%         N/A       100%        3
 Lesser Beckoning         Tloc           0%         N/A       100%        3
 Ozocubu's Armour         Ice            0%         N/A       100%        3
 Swiftness                Air            0%         N/A       100%        3
 Teleport Other           Tloc           0%         N/A       100%        3
 Airstrike                Air            0%         2d(0-16)  100%        4
 Cause Fear               Hex            0%         N/A       100%        4
 Manifold Assault         Tloc           0%         N/A       100%        4
 Olgreb's Toxic Radiance  Pois           0%         N/A       100%        4
 Ozocubu's Refrigeration  Ice            0%         4d7       100%        7
 Storm Form               Tmut/Air       0%         N/A       100%        7
 Discord                  Hex            0%         N/A       100%        8


Dungeon Overview and Level Annotations

Branches:
Dungeon (8/15)             Temple (1/1) D:6            Lair (0/5) D:8
  Sewer (visited)

Altars:
Ashenzari
Cheibriados
Dithmenos
Elyvilon
Fedhas
Gozag
Hepliaklqana
Kikubaaqudgha
Makhleb
Nemelex Xobeh
Qazlal
Ru
Sif Muna
Trog
Uskayaw
Vehumet
Wu Jian
Xom
Yredelemnul
Zin

Shops:
D:7 [   D:8 *


Innate Abilities, Weirdness & Mutations

You have a pair of horns on your head.
You reflexively headbutt those who attack you in melee.
Your mind is acute. (Int +4, Str/Dex -1)
You are clumsy. (Dex -2)


Message History

The seven-headed hydra bites you but does no damage. x2
The seven-headed hydra bites you. x3
The seven-headed hydra bites you but does no damage.
You block the seven-headed hydra's attack.
There is a stone staircase leading up, spattered with blood here.
You fade into invisibility!
The brown ugly thing pecks you but does no damage.
The seven-headed hydra bites you.
The seven-headed hydra bites you but does no damage.
The seven-headed hydra closely misses you.
The seven-headed hydra bites you but does no damage.
The seven-headed hydra bites you!
The seven-headed hydra bites you but does no damage.
The seven-headed hydra bites you.
Really quaff the potion of mutation?
You feel extremely strange.
You feel weaker.
You feel stupid.
You feel clever.
The brown ugly thing closely misses you.
You furiously retaliate!
You headbutt the brown ugly thing!
The seven-headed hydra bites you but does no damage.
The seven-headed hydra bites you. x2; The seven-headed hydra bites you!
The seven-headed hydra bites you.
The seven-headed hydra barely misses you.
The seven-headed hydra bites you!
* * * LOW HITPOINT WARNING * * *
As you read the scroll labelled WYSHES ZINK, it crumbles to dust.
The creatures around you are filled with an inner flame!
It was a scroll of immolation.
The brown ugly thing pecks you.
* * * LOW HITPOINT WARNING * * *
You are splashed with acid!
* * * LOW HITPOINT WARNING * * *
The seven-headed hydra bites you but does no damage.
You block the seven-headed hydra's attack.
The seven-headed hydra bites you.
* * * LOW HITPOINT WARNING * * *
The seven-headed hydra bites you.
* * * LOW HITPOINT WARNING * * *
The seven-headed hydra bites you but does no damage.
The seven-headed hydra bites you.
You die...

########
##@D....##
##..u.....##
#..........#
#..........#
#..g.......#
#..........#
#..........#
##........##
##.........#


You could see a seven-headed hydra (inner flame, unable to see you), a brown
ugly thing (inner flame, unable to see you) and a gnoll sergeant (inner flame,
unable to see you).

Vanquished Creatures
  An unseen horror (D:6)
  A hornet (D:8)
  Sigmund (D:2)
  A shadow (D:6)
  2 steam dragons
  A vampire mosquito (D:8)
  Duvessa (D:6)
  3 sky beasts
  An orc warrior (D:8)
  An ice beast (D:6)
  An ogre (D:6)
  4 centaurs (D:8)
  2 phantoms
  3 kobold brigands
  The ghost of Necrophagist the Firebug, an amateur GrFE (D:6)
  A bullfrog (D:7)
  A gnoll sergeant (D:7)
  3 scorpions
  11 wights
  Dowan (D:6)
  5 killer bees (D:8)
  3 howler monkeys
  2 jellies
  5 orc priests
  3 hounds
  A gnoll bouda (D:4)
  2 iguanas
  7 orc wizards
  Natasha (thrice) (D:2)
  9 gnolls
  7 adders
  2 river rats (Sewer)
  A white imp (D:8)
  3 ufetubi
  3 worms
  4 dart slugs
  17 orcs
  10 ball pythons
  8 bats
  4 endoplasms
  8 giant cockroaches
  6 goblins
  8 hobgoblins
  3 jackals (D:5)
  21 kobolds
  9 quokkas
  3 frilled lizards
  23 rats
221 creatures vanquished.

Notes
Turn   | Place    | Note
-------+----------+-------------------------------------------
     0 | D:1      | Elric the Minotaur Fighter began the quest for the Orb.
     0 | D:1      | Reached XP level 1. HP: 19/19 MP: 0/0
    29 | D:1      | Reached XP level 2. HP: 18/27 MP: 1/1
   200 | D:1      | Reached XP level 3. HP: 33/33 MP: 2/2
   634 | D:2      | Noticed Natasha
   641 | D:2      | Killed Natasha
   642 | D:2      | Reached XP level 4. HP: 27/41 MP: 3/3
   719 | D:2      | Noticed Natasha
   731 | D:2      | Killed Natasha
   732 | D:2      | Reached skill level 5 in Fighting
   920 | D:2      | Noticed Natasha
   926 | D:2      | Killed Natasha
   927 | D:2      | Reached XP level 5. HP: 48/48 MP: 4/4
   992 | D:2      | Noticed Sigmund
  1008 | D:2      | Killed Sigmund
  1009 | D:2      | Reached skill level 5 in Axes
  1009 | D:2      | Reached XP level 6. HP: 33/57 MP: 5/5
  2197 | D:4      | Found a glowing drain.
  2215 | Sewer    | Entered a sewer
  2263 | Sewer    | Reached XP level 7. HP: 65/66 MP: 6/6
  3477 | D:4      | Found a sparkling altar of Nemelex Xobeh.
  3479 | D:4      | Found a shimmering altar of Xom.
  3564 | D:4      | Reached XP level 8. HP: 69/75 MP: 7/7
  3709 | D:5      | Entered Level 5 of the Dungeon
  3982 | D:5      | Found a basalt altar of Yredelemnul.
  3982 | D:5      | Found a hazy altar of Hepliaklqana.
  4488 | D:6      | Noticed Duvessa
  4770 | D:6      | Noticed Dowan
  4780 | D:6      | Killed Dowan
  4793 | D:6      | Killed Duvessa
  4911 | D:6      | Found a staircase to the Ecumenical Temple.
  4937 | D:6      | Found a runed translucent gate.
  4937 | D:6      | Found a runed translucent gate.
  4937 | D:6      | Found a runed translucent gate.
  4938 | D:6      | Found an opulent altar of Gozag.
  4943 | D:6      | Noticed Necrophagist's ghost (amateur GrFE)
  5004 | D:6      | Reached skill level 10 in Fighting
  5192 | D:6      | Identified the +4 dagger "Izeiwk" {speed, rElec rPois Dex+7
                  | Stlth-}
  5684 | D:6      | Killed Necrophagist's ghost
  5685 | D:6      | Reached skill level 10 in Axes
  5686 | D:6      | Reached XP level 9. HP: 66/86 MP: 8/8
  5701 | D:6      | Gained mutation: You are clumsy. (Dex -2) [potion of
                  | mutation]
  5701 | D:6      | Gained mutation: Your muscles are strong. (Str +4, Int/Dex
                  | -1) [potion of mutation]
  5701 | D:6      | Gained mutation: Your mind is acute. (Int +4, Str/Dex -1)
                  | [potion of mutation]
  5701 | D:6      | HP: 4/86 [something (7)]
  5725 | D:6      | Killed an unseen horror
  6520 | D:7      | You fall into a shaft and drop 1 floor!
  6591 | D:7      | Found Vuto's Antique Armour Boutique.
  7120 | Temple   | Entered the Ecumenical Temple
  7249 | Temple   | Became a worshipper of Ru the Awakened
  7363 | D:8      | Found Duim's Gadget Gallery.
  7474 | D:8      | Reached skill level 1 in Dodging
  7497 | D:8      | Reached XP level 10. HP: 96/99 MP: 9/9
  7553 | D:8      | Found a staircase to the Lair.
  7641 | D:8      | Noticed a four-headed hydra
  7658 | D:8      | Noticed a brown ugly thing
  7958 | D:8      | Lost mutation: Your muscles are strong. (Str +4, Int/Dex
                  | -1) [potion of mutation]
  7958 | D:8      | Lost mutation: Your mind is acute. (Int +4, Str/Dex -1)
                  | [potion of mutation]
  7958 | D:8      | Gained mutation: Your mind is acute. (Int +4, Str/Dex -1)
                  | [potion of mutation]
  7959 | D:8      | HP: 5/100 [seven-headed hydra (3)]
  7959 | D:8      | HP: 2/100 [seven-headed hydra (3)]
  7959 | D:8      | Slain by a seven-headed hydra

Illustrated notes

Levels and vault maps discovered:
D:1:      minmay_arrival_wavy_path, layout_rooms
D:2:      layout_basic, kennysheep_generic_room_7, uniq_sigmund, uniq_natasha
D:3:      layout_loops_ring
D:4:      layout_basic, gammafunk_temple_overflow_statue, portal_sewer_entry_f
D:5:      layout_gridville, nicolae_overflow_hidden_temple,
          hangedman_decor_clover_reticule, small_statue_intersection
D:6:      layout_gridville, minmay_temple_entry_from_below_b,
          ebering_ghost_gozag, uniq_duvessa
D:7:      layout_loops_ring, serial_shops, shop, nicolae_figureground_sparkle
D:8:      minmay_the_grid_triangle_9x9_recursive_2
          [minmay_the_grid_triangle_9x9_prize_top_heavy,
          minmay_the_grid_triangle_9x9_windchime,
          minmay_the_grid_triangle_9x9_semitri,
          minmay_the_grid_triangle_9x9_dagger], layout_rooms, lair_entry_dummy,
          nicolae_shop_gadgets
Temple:   nicolae_temple_superstar

Skill      XL: |  1  2  3  4  5  6  7  8  9 10 |
---------------+-------------------------------+-----
Fighting       | 4 5 6 7 8 10 12 | 12.6
Axes           | 3 4 5 6 8 10 12 | 12.3
Armour         | 4 |  4.8
Shields        | 4 |  4.8
Dodging        | 1 2 |  2.2

Action                   |  1- 3 |  4- 6 |  7- 9 | 10-12 || total
-------------------------+-------+-------+-------+-------++-------
Melee: War axe           |    55 |    96 |   353 |    35 ||   539
       Headbutt          |     8 |    12 |    64 |     8 ||    92
Evoke: Wand              |       |       |       |     2 ||     2
  Use: Potion            |       |     1 |     5 |     5 ||    11
       Scroll            |       |       |    13 |     2 ||    15
Armor: Scale mail        |    30 |    50 |    61 |       ||   141
       Plate armour      |       |       |   169 |    71 ||   240
       Skin              |       |       |     8 |       ||     8
Dodge: Dodged            |    27 |    39 |   122 |    32 ||   220
Block: Buckler           |    12 |    17 |    97 |    23 ||   149

Table legend: (Time is in decaauts)
 A = Elapsed time spent in this place.
 B = Non-inter-level travel time spent in this place.
 C = Inter-level travel time spent in this place.
 D = Time resting spent in this place.
 E = Time spent auto-exploring this place.
 F = Levels seen in this place.
 G = Mean time per level.
                   A        B        C        D        E       F      G
               +--------+--------+--------+--------+--------+-----+--------+
         Total |   8025 |   7541 |    484 |    231 |   6003 |  10 |  802.5 |
       Dungeon |   7222 |   6788 |    434 |    231 |   5426 |   8 |  902.8 |
        Temple |    138 |     89 |     49 |      0 |     73 |   1 |  138.0 |
         Sewer |    664 |    664 |      0 |      0 |    504 |   1 |  664.0 |
               +--------+--------+--------+--------+--------+-----+--------+

Top non-repeatable levels by time:
     D:6: 1530 daAuts
     D:7: 1314 daAuts
     D:2: 979 daAuts
     D:4: 961 daAuts
     D:5: 775 daAuts
     D:3: 754 daAuts
   Sewer: 664 daAuts
     D:8: 459 daAuts
     D:1: 447 daAuts
  Temple: 138 daAuts
